 Dungeon Crawl Stone Soup version 0.28-a0-938-gbc3f381ebc (webtiles) character file.

Game seed: 92709600623262539

481 mainiacjoe the Caller (level 7, -2/46 HPs)
             Began as a Merfolk Summoner on Nov 30, 2021.
             Was an Initiate of Yredelemnul.
             Killed from afar by an orc (9 damage)
             ... with a puff of flame
             ... on level 4 of the Dungeon.
             The game lasted 00:14:38 (5973 turns).

mainiacjoe the Caller (Merfolk Summoner)            Turns: 5973, Time: 00:14:39

Health: -2/46      AC:  2    Str: 10    XL:     7   Next: 12%
Magic:  0/10       EV: 12    Int: 15    God:    Yredelemnul [......]
Gold:   136        SH:  0    Dex: 14    Spells: 1/10 levels left

rFire   . . .      SeeInvis .   b - +0 halberd
rCold   . . .      Faith    .   (shield currently unavailable)
rNeg    . . .      Spirit   .   h - +0 robe
rPois   .          Reflect  .   (no helmet)
rElec   .          Harm     .   (no cloak)
rCorr   .          Rampage  .   (no gloves)
Will    .....                   (no boots)
Stlth   ++........              (no amulet)
HPRegen 0.15/turn               l - ring of flight
MPRegen 0.12/turn               (no ring)

@: flying
A: (nimble swimmer 2), mertail
a: Renounce Religion


You were on level 4 of the Dungeon.
You worshipped Yredelemnul.
Yredelemnul was noncommittal.
You visited 2 branches of the dungeon, and saw 6 of its levels.

You collected 136 gold pieces.

Inventory:

Hand Weapons
 a - a +1 whip of venom
 b - a +0 halberd (weapon)
 d - a +0 short sword
 e - a +0 mace
 s - a +0 glaive
 u - a +0 hunting sling
 z - a +0 hunting sling
Missiles
 f - 34 sling bullets
 k - 186 stones
 m - 57 arrows
 o - 4 poisoned darts (quivered)
 t - 27 bolts
Armour
 h - a +0 robe (worn)
 y - a +4 scale mail of poison resistance
Jewellery
 l - a ring of flight (left hand)
Wands
 x - a wand of mindburst (8)
 A - a wand of polymorph (13)
Scrolls
 g - a scroll of magic mapping
 j - a scroll of enchant weapon {unknown}
 v - a scroll of blinking {unknown}
 w - a scroll of immolation {unknown}
 B - a scroll of fog {unknown}
Potions
 c - a potion of haste
 i - 2 potions of lignification
 n - a potion of brilliance
 p - 3 potions of heal wounds
 q - 3 potions of curing
 r - 3 potions of magic
 C - 2 potions of might {unknown}


   Skills:
 + Level 5.5 Polearms
 - Level 2.6 Dodging
 - Level 2.1 Stealth
 - Level 2.0 Spellcasting
 + Level 7.2 Summonings


You had one spell level left.
You knew the following spells:

 Your Spells              Type           Power      Damage    Failure   Level
a - Summon Small Mammal   Summ           92%        N/A       1%          1
b - Call Imp              Summ           23%        N/A       1%          2
c - Call Canine Familiar  Summ           23%        N/A       3%          3
d - Summon Guardian Gole  Hex/Summ       12%        N/A       16%         3

Your spell library contained the following spells:

 Spells                   Type           Power      Damage    Failure   Level
 Apportation              Tloc           2%         N/A       22%         1
 Static Discharge         Conj/Air       1%         N/A       32%         2
 Summon Lightning Spire   Summ/Air       12%        N/A       45%         4
 Gell's Gravitas          Tloc           1%         N/A       54%         3
 Teleport Other           Tloc           1%         N/A       54%         3
 Dispel Undead            Necr           1%         3d6       91%         4
 Sticky Flame             Conj/Fire      1%         2d3       91%         4
 Alistair's Intoxication  Tmut/Pois      0%         N/A       99%         5
 Dispersal                Tloc           0%         N/A       100%        6


Dungeon Overview and Level Annotations

Branches:
Dungeon (5/15)             Temple (1/1) D:4

Altars:
Ashenzari
Cheibriados
Dithmenos
Elyvilon
Fedhas
Gozag
Hepliaklqana
Kikubaaqudgha
Makhleb
Nemelex Xobeh
Okawaru
Qazlal
Ru
Sif Muna
Trog
Vehumet
Wu Jian
Xom
Yredelemnul
Zin
The Shining One

Annotations:
D:3 3 runed translucent doors, jasper's ghost, weakling FoBe


Innate Abilities, Weirdness & Mutations

((You are quick and stealthy near water. (Stealth+, EV+, Speed+++)))
Your lower body shifts to a powerful aquatic tail in water.


Message History

The orc hits your hound with a +0 short sword.
Your hound barely misses the orc.
The orc hits you with a +0 whip. The adder skeleton closely misses you.
The orc closely misses your hound.
Your magical contamination has completely faded away.
You completely miss the adder skeleton.
The adder skeleton is heavily damaged.
The orc closely misses your hound.
Your hound bites the orc.
The adder skeleton bites you. The orc hits you with a +0 whip.
The orc hits your hound with a +0 hand axe.
Your hound dies!
Your hound's corpse disappears in a puff of smoke!
You barely miss the orc.
The adder skeleton completely misses you.
The orc barely misses you. x2
Unknown command.
You hit the adder skeleton.
You destroy the adder skeleton!
Yredelemnul accepts your kill. The orc hits you with a +0 hand axe!
The orc misses you. The orc closely misses you. The orc barely misses you.
The orc hits your guardian golem with a +0 club.
There is a stone staircase leading up here.
The orc hits you with a +0 whip. The orc barely misses you.
The orc hits your guardian golem but does no damage.
The orc hits your guardian golem with a +0 hand axe.
The orc hits you with a +0 short sword.
The orc hits your guardian golem but does no damage.
You fly upwards.
Your summoned ally is left behind.
There is a stone staircase leading down here.
Casting: Summon Guardian Golem (dangerous; 16% risk of failure)
Confirm with . or Enter, or press ? or * to list all spells.
The orc closely misses you.
The orc zaps a wand.
The puff of flame hits you!
* * * LOW HITPOINT WARNING * * *
The orc hits you with a +0 short sword.
* * * LOW HITPOINT WARNING * * *
Your hound closely misses the orc.
The orc closely misses your hound.
The orc zaps a wand.
The puff of flame hits you!
You die...
Your body rises from the dead as a mindless zombie.

...#.#...........#.#.#........#
.....#.#.#...#.#.#...#.#..###.#
#......###.#.#...)....#......##
#......#...##.........####..##
...........#...........######
.##...............o.....#
.........#.###...oo#..###
....<.....## ##.h..####
...........###..@###
...........##...####
..[.......###...#..##
............###.....#
..........#.#...#..##
.....<..##....#.##.#
........##..########
....##..##...# ##..#######..#


You could see 3 orcs and a friendly hound (summoned).

Vanquished Creatures
  An ogre (D:4)
  A howler monkey (D:4)
  2 scorpion zombies (D:3)
  Natasha (D:3)
  An adder (D:4)
  An ufetubus (D:4)
  An adder skeleton (D:5)
  A worm (D:3)
  An orc (D:3)
  4 bats
  2 endoplasms
  5 giant cockroaches
  3 hobgoblins
  4 jackals (D:3)
  3 kobolds
  A quokka (D:2)
  7 ball pythons
  4 frilled lizards
  9 goblins
  3 rats
55 creatures vanquished.

Vanquished Creatures (collateral kills)
  Blork the orc (D:4)
  Ijyb (D:3)
  Natasha (twice) (D:3)
  3 gnolls (D:3)
  An adder (D:3)
  An adder skeleton (D:4)
  An orc (D:4)
  4 endoplasms
  2 giant cockroaches
  5 goblins
  2 hobgoblins (D:1)
  A jackal (D:3)
  2 kobolds (D:1)
  A quokka (D:2)
  3 ball pythons
  A frilled lizard (D:2)
  2 rats
33 creatures vanquished.

Grand Total: 88 creatures vanquished

Notes
Turn   | Place    | Note
-------+----------+-------------------------------------------
     0 | D:1      | mainiacjoe the Merfolk Summoner began the quest for the
                  | Orb.
     0 | D:1      | Reached XP level 1. HP: 13/13 MP: 3/3
   186 | D:2      | Reached XP level 2. HP: 19/19 MP: 3/5
   189 | D:2      | Learned a level 2 spell: Call Imp
  1218 | D:1      | Reached XP level 3. HP: 24/24 MP: 1/6
  1429 | D:1      | Reached skill level 5 in Summonings
  2612 | D:2      | Learned a level 3 spell: Call Canine Familiar
  2623 | D:3      | Noticed Natasha
  2635 | D:3      | Reached XP level 4. HP: 28/30 MP: 2/7
  2772 | D:3      | Killed Natasha
  2808 | D:3      | Reached skill level 6 in Summonings
  2908 | D:3      | Noticed Natasha
  2920 | D:3      | Killed Natasha
  2921 | D:3      | Reached skill level 1 in Polearms
  2921 | D:3      | Reached XP level 5. HP: 26/35 MP: 5/8
  2981 | D:3      | Noticed Natasha
  2992 | D:3      | Killed Natasha
  3207 | D:3      | Found a runed translucent gate.
  3207 | D:3      | Found a runed translucent gate.
  3207 | D:3      | Found a runed translucent gate.
  3207 | D:3      | Noticed jasper's ghost (weakling FoBe)
  3209 | D:3      | Found a basalt altar of Yredelemnul.
  3363 | D:3      | Reached XP level 6. HP: 41/41 MP: 3/9
  4046 | D:3      | Noticed Ijyb
  4303 | D:3      | Killed Ijyb
  4768 | D:3      | Became a worshipper of Yredelemnul the Dark
  4935 | D:4      | Noticed Blork the orc
  4980 | D:4      | Killed Blork the orc
  4981 | D:4      | Reached skill level 5 in Polearms
  4981 | D:4      | Reached skill level 7 in Summonings
  5091 | D:4      | Reached XP level 7. HP: 46/46 MP: 4/10
  5110 | D:4      | Learned a level 3 spell: Summon Guardian Golem
  5366 | D:4      | Found a staircase to the Ecumenical Temple.
  5373 | Temple   | Entered the Ecumenical Temple
  5955 | D:5      | Entered Level 5 of the Dungeon
  5973 | D:4      | Killed from afar by an orc

Illustrated notes

Levels and vault maps discovered:
D:1:      amcnicky_arrival_choice, layout_rooms, serial_co_window_serial,
          co_window_paths_b, co_window_of_opportunity_a, co_window_paths_a,
          co_window_corner_a, co_window_of_opportunity_a, co_window_corner_b,
          co_window_2corner, co_window_unsneaky_path_b, co_window_corner_ca,
          co_window_of_opportunity_b, co_window_cross_3,
          co_window_unsneaky_path_c, co_window_paths_d, glass_columns_a,
          glass_columns_b
D:2:      layout_loops_corners
D:3:      kennysheep_goblin_castle, layout_loops_cross,
          nicolae_yredelemnul_ghost_church, patterned_corridor, uniq_natasha
D:4:      nicolae_cairo_tiling_large_dashed, layout_cave_pools,
          minmay_temple_entry_nine_rooms, uniq_blork_the_orc
D:5:      layout_basic, nicolae_uskayaw_dance_hall, hex_intersection,
          nicolae_shop_overcharged_wands
Temple:   mainiacjoe_temple_big_plus

Skill      XL: |  1  2  3  4  5  6 |
---------------+-------------------+-----
Summonings     | 5 6 7 |  7.2
Polearms       | 1 3 5 |  5.5
Dodging        | |  2.6
Stealth        | |  2.1
Spellcasting   | |  2.0

Action                   |  1- 3 |  4- 6 |  7- 9 || total
-------------------------+-------+-------+-------++-------
Melee: Unarmed           |    11 |       |       ||    11
       Mace              |    21 |       |       ||    21
       Short sword       |     1 |       |       ||     1
       Whip              |    36 |    15 |       ||    51
       Halberd           |       |    73 |    10 ||    83
Throw: Stone             |    27 |     3 |       ||    30
       Dart              |    63 |    15 |     3 ||    81
 Cast: Summon Small Mamm |    22 |    12 |       ||    34
       Call Imp          |    10 |    13 |     1 ||    24
       Call Canine Famil |     1 |    15 |     2 ||    18
       Summon Guardian G |       |       |     2 ||     2
  Use: Scroll            |     3 |     3 |     1 ||     7
 Stab: Sleeping          |     1 |     1 |       ||     2
Armor: Robe              |    20 |    13 |     1 ||    34
Dodge: Dodged            |    57 |    60 |    12 ||   129

Table legend: (Time is in decaauts)
 A = Elapsed time spent in this place.
 B = Non-inter-level travel time spent in this place.
 C = Inter-level travel time spent in this place.
 D = Time resting spent in this place.
 E = Time spent auto-exploring this place.
 F = Levels seen in this place.
 G = Mean time per level.
                   A        B        C        D        E       F      G
               +--------+--------+--------+--------+--------+-----+--------+
         Total |   6011 |   5867 |    144 |   1013 |   3842 |   6 | 1001.8 |
       Dungeon |   5596 |   5478 |    118 |   1013 |   3458 |   5 | 1119.2 |
        Temple |    414 |    388 |     26 |      0 |    384 |   1 |  414.0 |
               +--------+--------+--------+--------+--------+-----+--------+

Top non-repeatable levels by time:
     D:3: 2127 daAuts
     D:1: 1524 daAuts
     D:2: 1156 daAuts
     D:4: 771 daAuts
  Temple: 414 daAuts
     D:5: 16 daAuts
